 Dungeon Crawl Stone Soup version 0.30-a0-1082-g70414cbcbb (webtiles) character file.

Game seed: 17042374613055012383

1556959 Conn the Infernalist (level 27, 135/135 HPs)
             Began as an Octopode Fire Elementalist on Apr 15, 2023.
             Was a High Priest of Sif Muna.
             Escaped with the Orb
             ... and 3 runes!
             The game lasted 06:37:24 (90650 turns).

Conn the Infernalist (Octopode Fire Elementalist)  Turns: 90650, Time: 06:37:25

Health: 135/135    AC: 13    Str:  9    XL:     27
Magic:  8/51       EV: 29    Int: 41    God:    Sif Muna [*****.]
Gold:   7814       SH: 22    Dex: 18    Spells: 9/74 levels left

rFire   + + .      SeeInvis +    p - staff of cold "Cizo Lacruw" {rPois rC+ Int+5 SInv Stlth-}
rCold   . . .      Faith    .    w - +5 kite shield {rF+}
rNeg    . . .      Spirit   .    I - +2 hat {SInv}
rPois   +          Reflect  +    r - amulet of reflection
rElec   +          Rampage  .    M - +4 ring of protection
rCorr   +          Archmagi +    v - ring of fire
Will    +++..                    H - +6 ring of intelligence
Stlth   ++                       e - ring "Vet Gyih" {rElec AC+4 Stlth+}
HPRegen 0.42/turn                U - ring of the Mage {Wiz Archmagi}
MPRegen 0.32/turn                d - ring "Seev" {Will+ EV+5 Int+4}
                                 Q - +5 ring of evasion
                                 C - ring of resist corrosion

@: no status effects
A: almost no armour, amphibious, 8 rings, camouflage 1, gelatinous body 1,
(nimble swimmer 1), tentacles, tentacle spike 1, iridescent scales 1, agile 1,
frail 1
0: Orb of Zot
}: 3/15 runes: decaying, silver, gossamer
a: Renounce Religion, Channel Magic, Forget Spell, Divine Exegesis


You escaped.
You worshipped Sif Muna.
Sif Muna was extremely pleased with you.
You visited 11 branches of the dungeon, and saw 49 of its levels.
You visited 1 ziggurat, and saw 15 of its levels.
You also visited: Trove, Bailey, Gauntlet and Ice Cave.

You collected 11585 gold pieces.
You spent 3771 gold pieces at shops.

Inventory:

Hand Weapons
 b - the +6 spear of Wu Jian's Envy {protect, *Noise rC+++ Int+6}
   (You found it on level 10 of a ziggurat)

   Int:       It affects your intelligence (+6).
   rC:        It renders you almost immune to cold.
   *Noise:    It may make noises in combat.
 g - the +7 short sword of the Dead {venom, rPois rN++ Dex-4 Stlth-}
   (You took it off an ironbound preserver on level 5 of the Vaults)

   Dex:       It affects your dexterity (-4).
   rPois:     It protects you from poison.
   rN:        It greatly protects you from negative energy.
   Stlth:     It makes you less stealthy.
 l - the +7 sceptre of Torment {pain, torment}
   (You found it on level 7 of a ziggurat)
Missiles
 o - 4 throwing nets
 q - 22 curare-tipped darts (quivered)
Armour
 w - a +5 kite shield of fire resistance (worn)
 G - a +1 buckler of reflection
 I - a +2 hat of see invisible (worn)
Magical Staves
 a - the staff of conjuration "Ohethyirch" {*Corrode rC+ Will++ Str+2}
   (You acquired it on level 10 of the Dungeon)

   [staff of conjuration]

   Base accuracy: +5 Base damage: 5 Base attack delay: 1.2 This weapon's minimum
   attack delay (0.6) is reached at skill level 12.
   Str:       It affects your strength (+2).
   rC:        It protects you from cold.
   *Corrode:  It may corrode you when you take damage.
   Will:      It greatly increases your willpower.
   It falls into the 'Staves' category.
   It is a one-tentacled weapon.
 p - the staff of cold "Cizo Lacruw" (weapon) {rPois rC+ Int+5 SInv Stlth-}
   (You found it on level 11 of a ziggurat)

   [staff of cold]

   Base accuracy: +5 Base damage: 5 Base attack delay: 1.2 This weapon's minimum
   attack delay (0.6) is reached at skill level 12.
   Int:       It affects your intelligence (+5).
   rC:        It protects you from cold.
   rPois:     It protects you from poison.
   SInv:      It lets you see invisible.
   Stlth:     It makes you less stealthy.
   It falls into the 'Staves' category.
   It is a one-tentacled weapon.
 z - the staff of earth "Irei" {rElec rCorr MP+9 Stlth-}
   (You found it on level 13 of a ziggurat)

   [staff of earth]

   Base accuracy: +5 Base damage: 5 Base attack delay: 1.2 This weapon's minimum
   attack delay (0.6) is reached at skill level 12.
   rElec:     It insulates you from electricity.
   MP:        It affects your magic capacity (+9).
   rCorr:     It protects you from acid and corrosion.
   Stlth:     It makes you less stealthy.
   It falls into the 'Staves' category.
   It is a one-tentacled weapon.
 O - the staff of fire "Heuc" {rElec rF+}
   (You found it on level 3 of the Depths)

   [staff of fire]

   Base accuracy: +5 Base damage: 5 Base attack delay: 1.2 This weapon's minimum
   attack delay (0.6) is reached at skill level 12.
   rF:        It protects you from fire.
   rElec:     It insulates you from electricity.
   It falls into the 'Staves' category.
   It is a one-tentacled weapon.
 R - the staff of conjuration "Woosait" {rElec}
   (You found it in a bailey)

   [staff of conjuration]

   Base accuracy: +5 Base damage: 5 Base attack delay: 1.2 This weapon's minimum
   attack delay (0.6) is reached at skill level 12.
   rElec:     It insulates you from electricity.
   It falls into the 'Staves' category.
   It is a one-tentacled weapon.
Jewellery
 d - the ring "Seev" (on tentacle) {Will+ EV+5 Int+4}
   (You bought it in a shop on level 9 of the Dungeon)

   [ring of evasion]

   EV:        It affects your evasion (+5).
   Int:       It affects your intelligence (+4).
   Will:      It increases your willpower.
 e - the ring "Vet Gyih" (on tentacle) {rElec AC+4 Stlth+}
   (You found it on level 10 of a ziggurat)

   [ring of protection]

   AC:        It affects your AC (+4).
   rElec:     It insulates you from electricity.
   Stlth:     It makes you more stealthy.
 j - a +6 ring of intelligence
 r - an amulet of reflection (around mantle)
 t - a ring of magical power
 v - a ring of fire (right tentacle)
 C - a ring of resist corrosion (on tentacle)
 H - a +6 ring of intelligence (on tentacle)
 J - a ring of ice
 M - a +4 ring of protection (left tentacle)
 N - the ring "Peheh" {*Corrode rElec rPois rN+ Will+}
   (You took it off a spriggan air mage on level 3 of the Depths)

   [ring of willpower]

   rElec:     It insulates you from electricity.
   rPois:     It protects you from poison.
   rN:        It protects you from negative energy.
   *Corrode:  It may corrode you when you take damage.
   Will:      It increases your willpower.
 P - a ring of wizardry
 Q - a +5 ring of evasion (on tentacle)
 U - the ring of the Mage (on tentacle) {Wiz Archmagi}
   (You found it on level 12 of the Dungeon)

   [ring of wizardry]

   It improves your spell success rate.
   Archmagi:  It increases the power of your magical spells.
Wands
 F - a wand of light (69)
 K - a wand of flame (8)
 X - a wand of digging (43)
Scrolls
 i - 5 scrolls of blinking
 k - 3 scrolls of summoning
 u - 8 scrolls of magic mapping
 A - 11 scrolls of immolation
 D - 21 scrolls of teleportation
 E - 8 scrolls of fog
 V - 5 scrolls of enchant armour
 W - 3 scrolls of torment
 Y - 7 scrolls of amnesia
 Z - 6 scrolls of fear
Potions
 c - 2 potions of resistance
 f - 5 potions of magic
 h - 5 potions of brilliance
 m - 4 potions of cancellation
 n - 29 potions of curing
 s - 12 potions of heal wounds
 x - 12 potions of ambrosia
 y - 4 potions of invisibility
 B - 9 potions of lignification
 S - 17 potions of haste


   Skills:
 + Level 3.7 Fighting
 + Level 2.2(2.3) Short Blades
 + Level 0.8(1.6) Long Blades
 + Level 3.1 Staves
 + Level 1.3 Throwing
 + Level 11.3 Dodging
 - Level 8.3 Stealth
 + Level 9.5 Shields
 + Level 1.4 Unarmed Combat
 + Level 24.1 Spellcasting
 O Level 27 Conjurations
 + Level 2.9 Hexes
 + Level 7.8 Summonings
 + Level 9.2 Translocations
 O Level 27 Fire Magic
 + Level 9.3 Ice Magic
 + Level 6.1 Air Magic
 * Level 8.2 Earth Magic
 - Level 0.2 Poison Magic
 - Level 12.5 Invocations
 + Level 2.0 Evocations


You had 9 spell levels left.
You knew the following spells:

 Your Spells              Type           Power      Damage    Failure   Level
a - Foxfire               Conj/Fire      100%       2x1d9     0%          1
b - Mephitic Cloud        Conj/Pois/Air  100%       N/A       1%          3
c - Orb of Destruction    Conj           79%        9d18      0%          7
d - Flame Wave            Conj/Fire      100%       2d21      0%          4
e - Scorch                Fire           100%       2d9       0%          2
f - Ignition              Fire           93%        3d24      1%          8
g - Fireball              Conj/Fire      93%        3d34      0%          5
h - Starburst             Conj/Fire      93%        6d23      0%          6
i - Iskenderun's Mystic   Conj/Tloc      100%       2d19      0%          4
j - Blink                 Tloc           100%       N/A       1%          2
k - Hailstorm             Conj/Ice       100%       3d20      0%          3
l - Summon Guardian Gole  Hex/Summ       96%        N/A       1%          3
m - Fire Storm            Conj/Fire      93%        8d23      1%          9
n - Lehudib's Crystal Sp  Conj/Erth      69%        10d16     1%          8

Your spell library contained the following spells:

 Spells                   Type           Power      Damage    Failure   Level
 Apportation              Tloc           100%       N/A       0%          1
 Freeze                   Ice            100%       1d10      0%          1
 Kiss of Death            Conj/Necr      100%       2d13      0%          1
 Magic Dart               Conj           100%       1d8       0%          1
 Shock                    Conj/Air       100%       1d9       0%          1
 Momentum Strike          Conj/Tloc      100%       3d10      0%          2
 Searing Ray              Conj           100%       2d8       0%          2
 Static Discharge         Conj/Air       100%       2-7/arc   0%          2
 Dazzling Flash           Conj/Hex       100%       N/A       0%          3
 Inner Flame              Hex/Fire       100%       N/A       0%          3
 Stone Arrow              Conj/Erth      100%       3d13      0%          3
 Volatile Blastmotes      Fire/Tloc      100%       2d18      0%          3
 Fulminant Prism          Conj/Hex       65%        3d28      0%          4
 Sticky Flame             Conj/Fire      100%       2d11      0%          4
 Iskenderun's Battlesphe  Conj           100%       2d15      0%          5
 Beastly Appendage        Tmut           100%       N/A       1%          1
 Necrotise                Necr           100%       1d9       1%          1
 Sandblast                Erth           100%       2d20      1%          1
 Slow                     Hex            100%       N/A       1%          1
 Sting                    Tmut/Pois      100%       1d8       1%          1
 Summon Small Mammal      Summ           100%       N/A       1%          1
 Call Imp                 Summ           100%       N/A       1%          2
 Cigotuvi's Dreadful Rot  Necr/Pois/Air  100%       N/A       1%          2
 Ensorcelled Hibernation  Hex/Ice        100%       N/A       1%          2
 Lesser Beckoning         Tloc           100%       N/A       1%          2
 Passwall                 Tmut/Erth      75%        N/A       1%          2
 Poisonous Vapours        Pois/Air       100%       N/A       1%          2
 Sublimation of Blood     Necr           65%        N/A       1%          2
 Wereblood                Tmut           65%        N/A       1%          2
 Call Canine Familiar     Summ           100%       N/A       1%          3
 Confusing Touch          Hex            83%        N/A       1%          3
 Frozen Ramparts          Ice            100%       1d16      1%          3
 Gell's Gravitas          Tloc           100%       N/A       1%          3
 Ignite Poison            Fire/Tmut/Pois 100%       N/A       1%          3
 Ozocubu's Armour         Ice            100%       N/A       1%          3
 Portal Projectile        Hex/Tloc       100%       N/A       1%          3
 Spider Form              Tmut/Pois      66%        N/A       1%          3
 Swiftness                Air            100%       N/A       1%          3
 Teleport Other           Tloc           100%       N/A       1%          3
 Tukima's Dance           Hex            83%        N/A       1%          3
 Vampiric Draining        Necr           65%        2d10      1%          3
 Vhi's Electric Charge    Tloc/Air       100%       N/A       1%          3
 Airstrike                Air            50%        2d(8-24)  1%          4
 Anguish                  Hex/Necr       37%        N/A       1%          4
 Cause Fear               Hex            41%        N/A       1%          4
 Ice Form                 Ice/Tmut       100%       N/A       1%          4
 Leda's Liquefaction      Hex/Erth       48%        N/A       1%          4
 Manifold Assault         Tloc           100%       N/A       1%          4
 Passage of Golubria      Tloc           100%       N/A       1%          4
 Petrify                  Tmut/Erth      90%        N/A       1%          4
 Summon Ice Beast         Ice/Summ       100%       N/A       1%          4
 Summon Lightning Spire   Summ/Air       100%       N/A       1%          4
 Arcjolt                  Conj/Air       67%        1d77      1%          5
 Borgnjor's Vile Clutch   Necr/Erth      45%        N/A       1%          5
 Freezing Cloud           Conj/Ice/Air   76%        6-21      1%          5
 Irradiate                Conj/Tmut      63%        3d32      1%          5
 Lee's Rapid Deconstruct  Erth           54%        3d25*     1%          5
 Metabolic Englaciation   Hex/Ice        61%        N/A       1%          5
 Silence                  Hex/Air        46%        N/A       1%          5
 Summon Forest            Summ/Tloc      54%        N/A       1%          5
 Summon Mana Viper        Hex/Summ       96%        N/A       1%          5
 Conjure Ball Lightning   Conj/Air       67%        3x3d25    1%          6
 Dispersal                Tloc           56%        N/A       1%          6
 Iron Shot                Conj/Erth      69%        9d13      1%          6
 Plasma Beam              Fire/Air       80%        2x1d107   1%          6
 Spellforged Servitor     Conj/Summ      68%        N/A       1%          7
 Summon Cactus Giant      Summ           53%        N/A       2%          6
 Animate Dead             Necr           65%        N/A       3%          4
 Dispel Undead            Necr           65%        3d22      3%          4
 Olgreb's Toxic Radiance  Pois           66%        N/A       3%          4
 Yara's Violent Unravell  Hex/Tmut       37%        3d15      6%          5
 Ozocubu's Refrigeration  Ice            68%        4d22      6%          7
 Simulacrum               Ice/Necr       57%        N/A       9%          6
 Malign Gateway           Summ/Tloc      54%        N/A       9%          7
 Agony                    Necr           65%        N/A       10%         5
 Alistair's Intoxication  Tmut/Pois      44%        N/A       10%         5
 Blade Hands              Tmut           32%        N/A       10%         5
 Statue Form              Tmut/Erth      60%        N/A       11%         6
 Monstrous Menagerie      Summ           53%        N/A       12%         7
 Summon Hydra             Summ           53%        N/A       12%         7
 Chain Lightning          Conj/Air       67%        3d90      36%         9
 Death Channel            Necr           32%        N/A       45%         6
 Eringya's Noxious Bog    Tmut/Pois      33%        N/A       45%         6
 Disjunction              Tloc           56%        N/A       45%         8
 Haunt                    Necr/Summ      44%        N/A       50%         7
 Storm Form               Tmut/Air       42%        N/A       61%         7
 Enfeeble                 Hex            41%        N/A       63%         7
 Summon Horrible Things   Summ           53%        N/A       65%         8
 Maxwell's Capacitive Co  Air            50%        ∞         86%         8
 Dragon Form              Tmut           32%        N/A       95%         7
 Discord                  Hex            41%        N/A       99%         8
 Polar Vortex             Ice            68%        N/A       99%         9
 Borgnjor's Revivificati  Necr           32%        N/A       100%        8
 Infestation              Necr           32%        N/A       100%        8
 Necromutation            Tmut/Necr      32%        N/A       100%        8
 Death's Door             Necr           32%        N/A       100%        9
 Dragon's Call            Summ           53%        N/A       100%        9
 Shatter                  Erth           54%        3d41*     100%        9
 Animate Armour           Summ/Erth      Unusable   N/A       N/A         4

Dungeon Overview and Level Annotations

Branches:
Dungeon (15/15)            Temple (1/1) D:7            Lair (5/5) D:11
  Swamp (4/4) Lair:2       Spider (4/4) Lair:2        Slime (0/5) Lair:4
    Orc (2/2) D:12            Elf (3/3) Orc:2        Vaults (5/5) D:14
  Crypt (0/3) Vaults:3     Depths (4/4) D:15           Hell (visited)
    Zot (5/5) Depths:4     Bailey (visited)           IceCv (visited)
Gauntlet (visited)
    Dis: Hell:1         Geh: Hell:1         Coc: Hell:1         Tar: Hell:1

Altars:
Ashenzari
Cheibriados
Dithmenos
Elyvilon
Fedhas
Gozag
Hepliaklqana
Kikubaaqudgha
Makhleb
Nemelex Xobeh
Okawaru
Qazlal
Ru
Sif Muna
Trog
Uskayaw
Vehumet
Wu Jian
Xom
Yredelemnul
Zin
The Shining One
Jiyva
Lugonu

Shops:
D:9 =   D:11 [   D:13 !   Orc:1 =?   Orc:2 =[*(   Vaults:4 *   Depths:2 *?!:?

Portals:
Hell: Depths:1 Depths:2 Depths:3 Depths:4
Abyss: Depths:3
Pandemonium: Depths:2

Annotations:
D:8 1 transporter
Lair:1 exclusion: obsidian statue
Lair:5 2 transporters, Querens's ghost, journeyman FoFi
Hell Geryon
Zot:4 3 runed translucent doors, Sisiakhle's ghost, legendary KoDe
Zot:5 2 runed translucent doors, Kiciri's ghost, legendary NaHu


Innate Abilities, Weirdness & Mutations

You cannot wear most types of armour.
You are amphibious.
You can wear up to eight rings at the same time.
Your skin changes colour to match your surroundings (Stealth+).
Your rubbery body absorbs attacks. (AC +1, EV +1)
((You are camouflaged when in or above water. (Stealth+)))
You have tentacles for arms and can constrict up to eight enemies at once.
One of your tentacles bears a spike.
You are partially covered in iridescent scales. (AC +2)
You are agile. (Dex +4, Str/Int -1)
You are frail. (-10% HP)


Message History

The great blast of fire engulfs the daeva!!!!
The daeva is heavily wounded.
The angel dissolves into sparkling lights! x2
The seraph gestures.
The seraph channels a blast of cleansing flame!
The golden flame engulfs the seraph.
The seraph completely resists.
The golden flame engulfs your fire vortex!!
The golden flame engulfs the cherub.
The cherub completely resists.
The golden flame engulfs your fire vortex.
The golden flame engulfs the daeva.
The daeva completely resists.
The golden flame engulfs your fire vortex!! x2
Your fire vortex dissipates!
Your fire vortex hits the daeva.
Your fire vortex burns the daeva!
Your fire vortex dissipates!
The cherub is engulfed in blazing flames.
The cherub unwields a +4 flail of flaming.
It stops flaming.
The cherub wields a +0 longbow.
The cherub shoots an arrow.
The arrow hits your fire vortex!
The daeva hits your fire vortex with a +4 scimitar of holy wrath!
Your fire vortex dissipates!
The cherub's human head shouts!
Unknown command.
Casting: Fire Storm (dangerous; 1% risk of failure)
Confirm with . or Enter, or press ? or * to list all spells.
Aiming: Fire Storm (dangerous; 1% risk of failure)
Press: ? - help, Dir - move target You feel a strong surge of power!
A raging storm of fire appears!
The great blast of fire engulfs the seraph!!
The seraph partially resists.
You kill the seraph!
Sif Muna accepts your kill.
The cherub dissolves into sparkling lights!
The daeva dissolves into sparkling lights!
Your Evocations skill increases to level 2!
Unknown command.
Unknown command.
Unknown command.
Unknown command.
There is a staircase leading out of the dungeon here.
You have escaped!

.###..####.#####.#.......#.#
.# #.### #.# #....#####.#.#
## #.#####.## #..##.......##
#..#####.###..###.###..#
##.# ###.#.#.####......#
###..# ###.#####...####.#
#...## ####)###..#### #.#
#.### #∩##~~..### #.# #..#
###..~~##@########.#
##.####..###.####........#
#.....#####.#############
#..#######.#.### #..# ###
###.#### ##.#### ##.####
#.### ##.# ### #.## #..# ##
#.# #.##


There were no monsters in sight!

Vanquished Creatures
  A seraph (D:1)
  9 dread liches
  7 ancient liches
  2 orbs of fire (Zot:5)
  Mara (Depths:1)
  4 juggernauts
  3 royal mummies (Zig:8)
  Sojobo (Depths:1)
  2 shard shrikes
  2 Killer Klowns
  2 curse toes
  2 caustic shrikes
  7 golden dragons
  Jory (Vaults:5)
  Nikola (Depths:1)
  3 pandemonium lords
  2 bone dragons
  4 electric golems
  A hellephant (Zig:5)
  3 doom hounds (Depths:2)
  18 tentacled monstrosities
  Grunn (Depths:2)
  4 Hell Sentinels
  Rupert (Lair:5)
  4 Ice Fiends
  Jorgrun (D:15)
  23 Orb Guardians (Zot:5)
  3 liches
  A walking earthen tome (Depths:3)
  6 quicksilver dragons
  A searing wretch (Zig:2)
  3 deep elf blademasters
  7 titans
  Gastronok (D:8)
  A walking divine tome (Depths:2)
  An Executioner (D:9)
  4 death cobs
  6 sphinxes
  13 shadow dragons
  2 thorn hunters
  3 deep elf master archers
  Kirke (D:12)
  17 storm dragons
  2 tentacled starspawn (Zig:15)
  13 tengu reavers
  4 revenants (Zig:9)
  A fenstrider witch (Swamp:2)
  15 fire giants
  Roxanne (Swamp:2)
  2 narguns
  3 draconian monks
  3 draconian scorchers
  A demonspawn warmonger (D:9)
  12 vault wardens
  3 draconian knights
  5 deep elf sorcerers
  2 iron dragons (Vaults:5)
  11 emperor scorpions
  7 balrugs
  Aizul (Spider:4)
  13 frost giants
  10 draconian shifters
  A curse skull (Zig:9)
  3 demonspawn corrupters
  4 draconian stormcallers
  9 ghost moths
  A reaper (Depths:2)
  A caustic shrike zombie (Depths:3)
  6 draconian annihilators
  2 broodmothers
  A ghoul (Vaults:3)
  21 ironbound preservers
  2 orc warlords
  A juggernaut skeleton (Depths:3)
  2 spriggan defenders
  39 very ugly things
  2 angels (D:1)
  A demonspawn blood saint (Zig:11)
  A quicksilver ooze (shapeshifter) (Zig:14)
  7 ironbound thunderhulks
  A caustic shrike skeleton (Depths:3)
  3 war gargoyles
  18 stone giants
  7 deep elf demonologists
  Nessos (D:14)
  6 vampire knights
  14 green draconians
  9 deep elf annihilators
  5 demonspawn black suns
  5 eleionomae
  12 black draconians
  24 starcursed masses
  13 purple draconians
  14 spark wasps
  9 white draconians
  4 bunyips
  7 wendigos (Zig:10)
  4 dire elephants (Vaults:3)
  12 yellow draconians
  A minotaur (Gauntlet)
  A green death (Zig:15)
  10 red draconians
  18 ettins
  7 crystal guardians
  3 jiangshi
  7 fire dragons
  7 deep elf death magi
  3 blizzard demons
  11 deep elf high priests
  2 merfolk impalers (Depths:3)
  3 entropy weavers
  6 great orbs of eyes
  A rakshasa (Depths:3)
  Fannar (Orc:1)
  18 yaktaur captains
  A caustic shrike simulacrum (Zig:10)
  24 hydras
  3 hell beasts
  4 peacekeepers
  29 vault guards
  7 spriggan air magi
  6 ghost crabs
  7 ice dragons
  14 ironbound frosthearts
  A radroach (Spider:3)
  2 catoblepae
  6 boulder beetles
  4 ogre magi
  12 centaur warriors
  27 dancing weapons
  A boulder beetle (shapeshifter) (Zig:13)
  2 jorogumos (Spider:4)
  2 deep troll earth magi (Depths:1)
  6 two-headed ogres
  2 deep troll shamans
  3 hell hogs (Hell)
  7 death yaks
  9 tengu warriors
  3 death scarabs (Zig:8)
  2 vampire magi
  13 alligators
  2 orc high priests
  13 hell knights
  2 thrashing horrors (Zig:15)
  Sonja (Lair:5)
  11 spriggan berserkers
  6 sun demons
  A storm dragon zombie (D:15)
  16 deep elf knights
  A skyshark (Lair:5)
  2 skysharks (shapeshifter) (Zig:13)
  3 sun moths
  9 wretched stars (Zig:15)
  4 iron trolls
  A shadow wraith (Vaults:5)
  2 sixfirhies
  3 skeletal warriors
  2 spatial maelstroms (Zig:15)
  2 spark wasp zombies
  3 pharaoh ants
  3 goliath frogs
  2 shadow demons
  A storm dragon skeleton (Depths:3)
  An orb spider (shapeshifter) (Zig:14)
  4 bog bodies
  A glowing orange brain (Depths:1)
  A death drake (shapeshifter) (Vaults:4)
  2 spriggan druids
  35 deep trolls
  A bunyip zombie (Hell)
  13 swamp dragons
  8 phantasmal warriors
  6 orb spiders
  6 obsidian statues
  2 death drakes (Swamp:3)
  6 wizards
  A golden dragon zombie (D:15)
  The ghost of dluga93 the Firebug, a novice OpFE (D:7)
  2 flayed ghosts
  A harpy (shapeshifter) (Vaults:5)
  23 lindwurms
  3 orange crystal statues
  39 deep elf zephyrmancers
  26 ironbound convokers
  16 deep elf archers
  10 necromancers
  42 ugly things
  12 steelbarb worms
  24 wolf spiders
  6 orc knights
  7 harpies
  35 deep elf pyromancers
  A faun (shapeshifter) (Zig:13)
  An oklob plant (Gauntlet)
  21 cyclopes
  A stone giant zombie (Orc:1)
  2 shadow dragon skeletons
  A fire giant zombie (Depths:3)
  2 salamanders
  6 orc sorcerers
  5 will-o-the-wisps
  6 manticores
  29 moths of wrath
  Maurice (D:9)
  A cyclops (shapeshifter) (Zig:13)
  20 elephants
  2 apocalypse crabs
  A toenail golem (D:15)
  A stone giant skeleton (Hell)
  2 molten gargoyles (Gauntlet)
  A rust devil (D:7)
  2 water nymphs (shapeshifter)
  An eye of devastation (shapeshifter) (Zig:13)
  5 black mambas
  6 ice statues
  17 vault sentinels
  An orange demon (Zig:11)
  14 torpor snails
  5 unseen horror zombies (D:9)
  11 demonic crawlers
  Psyche (D:9)
  3 hellions
  8 komodo dragons
  A freezing wraith (Vaults:3)
  2 unseen horrors (D:10)
  9 cane toads
  33 yaktaurs
  2 efreet (D:14)
  4 kobold demonologists
  5 rime drakes
  3 ancient zymes
  2 ice devils
  2 tormentors
  2 guardian mummies (Zig:8)
  A red devil (D:10)
  A tengu conjurer (Depths:3)
  3 polar bears
  3 bloated husks
  A queen bee (Spider:3)
  2 trolls (Orc:2)
  6 meliai
  28 tarantellas
  A meliai (shapeshifter) (Elf:2)
  12 tyrant leeches
  A hellwing (Zig:11)
  A harpy skeleton (Hell)
  A troll (shapeshifter) (Elf:3)
  15 hornets
  A raiju (Zig:3)
  A tarantella (shapeshifter) (Vaults:5)
  16 blink frogs
  4 dream sheep (Lair:3)
  2 dream sheep (shapeshifter)
  11 air elementals
  4 flying skulls
  2 centaur simulacra
  29 slime creatures
  12 spriggans
  41 jumping spiders
  A slime creature (shapeshifter) (Vaults:5)
  12 water elementals
  A vampire (D:11)
  A spriggan (shapeshifter) (D:14)
  5 ynoxinuls
  26 culicivoras
  2 shadows (D:13)
  An ushabti (Zig:8)
  A basilisk (shapeshifter) (Depths:3)
  2 wraiths
  A golden eye (Zig:5)
  41 yaks
  A chaos spawn (D:7)
  3 wyverns
  A fire elemental (Zig:12)
  A hog (D:12)
  9 basilisks
  19 vampire mosquitoes
  2 neqoxecs
  90 redbacks
  5 steam dragons
  20 swamp worms
  4 wargs
  A glowing shapeshifter zombie (Depths:3)
  A redback (shapeshifter) (Depths:4)
  A naga zombie (Hell)
  A small abomination (D:9)
  A swamp worm (shapeshifter) (Vaults:2)
  7 acid dragons
  22 water moccasins
  A floating eye (Depths:2)
  4 hell hounds (D:4)
  7 large abominations
  3 ice beasts
  A hornet zombie (D:9)
  28 orc warriors
  2 black bears
  3 sky beasts
  6 swamp drakes
  12 ogres
  56 wolves
  2 phantoms (D:6)
  15 centaurs
  11 kobold brigands
  9 bullfrogs
  A wyvern zombie (D:9)
  6 earth elementals
  A gnoll sergeant (D:11)
  35 scorpions
  2 cyclops zombies (Orc:1)
  13 wights
  A cane toad simulacrum (IceCv)
  27 killer bees
  An elephant simulacrum (IceCv)
  A howler monkey (D:10)
  10 electric eels
  5 centaur zombies (D:9)
  2 hounds
  20 orc priests
  3 jellies
  6 iguanas
  21 orc wizards
  A sleepcap (D:5)
  7 hell rats
  2 polar bear simulacra (IceCv)
  A killer bee zombie (D:9)
  11 mummies
  2 howler monkey zombies (D:9)
  13 gnolls
  6 adders
  5 shadow imps
  7 white imps
  An ufetubus (D:11)
  A worm (D:2)
  77 orcs
  6 ball pythons
  7 bats
  18 endoplasms
  4 giant cockroaches
  11 goblins
  6 hobgoblins
  2 jackals (D:1)
  48 kobolds
  5 quokkas
  3 frilled lizards
  9 rats
  5 fire vortices
  A withered plant (D:15)
2580 creatures vanquished.

Vanquished Creatures (collateral kills)
  A dread lich (Zot:5)
  A pandemonium lord (D:14)
  A Killer Klown (Zot:5)
  2 tentacled monstrosities
  A hellephant (Zig:15)
  An Orb Guardian (Zot:5)
  A quicksilver dragon (Zot:2)
  A titan (Vaults:5)
  A draconian knight (Zot:2)
  A draconian annihilator (Zot:4)
  2 very ugly things
  A draconian stormcaller (Zot:5)
  A red draconian (Zot:4)
  A fire dragon (Lair:5)
  A yaktaur captain (Vaults:5)
  A death yak (Lair:5)
  An iron troll (Depths:1)
  A deep elf archer (Elf:2)
  A spriggan simulacrum (Depths:3)
  A moth of wrath (Zot:3)
  An elephant (Lair:4)
  A gargoyle (Gauntlet)
  A meliai (Lair:2)
  A culicivora (Spider:1)
  A water elemental (Elf:2)
  A floating eye (shapeshifter) (Zig:13)
  An orc warrior (Orc:1)
  3 killer bees
  A lava snake (D:11)
  5 orcs
  3 foxfires
41 creatures vanquished.

Vanquished Creatures (others)
  An alligator (Swamp:4)
  A deep elf pyromancer (Elf:2)
  A moth of wrath (Zot:5)
  4 humans (D:12)
  An orc warrior (Orc:2)
  An electric eel (D:12)
  A bush (Lair:5)
  395 fire vortices
  2295 foxfires
  28 fungi
  82 plants
  2 starspawn tentacles (Zig:15)
  11 toadstools (D:2)
  11 withered plants
2834 creatures vanquished.

Grand Total: 5455 creatures vanquished

Notes
Turn   | Place    | Note
-------+----------+-------------------------------------------
     0 | D:1      | Conn the Octopode Fire Elementalist began the quest for the
                  | Orb.
     0 | D:1      | Reached XP level 1. HP: 11/11 MP: 3/3
   119 | D:1      | Reached XP level 2. HP: 17/17 MP: 0/5
   320 | D:1      | Found a faded altar of an unknown god.
   670 | D:1      | Reached XP level 3. HP: 21/21 MP: 3/6
  1314 | D:2      | Reached XP level 4. HP: 27/27 MP: 7/7
  1788 | D:2      | Reached XP level 5. HP: 10/31 MP: 1/8
  2624 | D:3      | Found a basalt altar of Yredelemnul.
  2624 | D:3      | Found a stormy altar of Qazlal.
  2738 | D:3      | Found a shimmering blue altar of Sif Muna.
  2746 | D:3      | Became a worshipper of Sif Muna the Loreminder
  2992 | D:4      | Reached skill level 5 in Stealth
  3068 | D:3      | Learned a level 2 spell: Scorch
  3072 | D:3      | Learned a level 3 spell: Inner Flame
  3081 | D:4      | Reached XP level 6. HP: 26/37 MP: 2/10
  3668 | D:4      | Found a radiant altar of Vehumet.
  3676 | D:4      | Reached skill level 1 in Short Blades
  3854 | D:4      | Learned a level 4 spell: Flame Wave
  4328 | D:5      | Entered Level 5 of the Dungeon
  4331 | D:5      | Noticed a water moccasin
  4391 | D:5      | Killed a water moccasin
  4392 | D:5      | Reached skill level 1 in Fighting
  4392 | D:5      | Reached XP level 7. HP: 30/43 MP: 11/12
  4861 | D:5      | Reached * piety under Sif Muna
  4908 | D:5      | Found a snail-covered altar of Cheibriados.
  5091 | D:5      | Reached skill level 5 in Fire Magic
  5242 | D:5      | Found an iron altar of Okawaru.
  5407 | D:5      | Learned a level 3 spell: Volatile Blastmotes
  5738 | D:6      | Reached skill level 1 in Translocations
  5738 | D:6      | Reached skill level 1 in Air Magic
  5738 | D:6      | Reached skill level 1 in Invocations
  5738 | D:6      | Reached XP level 8. HP: 37/48 MP: 12/14
  5861 | D:6      | Noticed a wraith
  5871 | D:6      | Killed a wraith
  6048 | D:6      | Found a glowing silver altar of Zin.
  6374 | D:6      | Reached skill level 5 in Spellcasting
  6708 | D:7      | Found a staircase to the Ecumenical Temple.
  6715 | Temple   | Entered the Ecumenical Temple
  6992 | D:7      | Reached XP level 9. HP: 52/54 MP: 16/16
  7412 | D:7      | Found an ornate altar of the Wu Jian Council.
  7426 | D:7      | Found a runed translucent gate.
  7426 | D:7      | Found a runed translucent gate.
  7428 | D:7      | Found a runed translucent gate.
  7429 | D:7      | Noticed dluga93's ghost (novice OpFE)
  7429 | D:7      | Noticed a kobold demonologist
  7814 | D:7      | Learned a level 4 spell: Summon Lightning Spire
  7840 | D:7      | Killed dluga93's ghost
  7902 | D:7      | Killed a kobold demonologist
  8237 | D:7      | Reached ** piety under Sif Muna
  8693 | D:8      | Noticed Gastronok
  8710 | D:8      | Killed Gastronok
  8711 | D:8      | Reached skill level 1 in Hexes
  8711 | D:8      | Reached XP level 10. HP: 60/60 MP: 13/20
  8934 | D:8      | Reached skill level 5 in Translocations
  9046 | D:8      | Found a hazy altar of Hepliaklqana.
  9136 | D:8      | Found a transporter.
  9508 | D:8      | Learned a level 5 spell: Fireball
  9638 | D:9      | Found a white marble altar of Elyvilon.
  9674 | D:9      | Reached skill level 5 in Invocations
  9682 | D:9      | Reached skill level 1 in Summonings
  9876 | D:9      | Reached skill level 5 in Air Magic
  9884 | D:9      | Reached XP level 11. HP: 46/64 MP: 7/22
 10057 | D:9      | Noticed a two-headed ogre
 10254 | D:9      | Noticed Psyche
 10272 | D:9      | Paralysed by you for 3 turns
 10284 | D:9      | Killed Psyche
 10285 | D:9      | Reached skill level 1 in Unarmed Combat
 10495 | D:9      | Killed a two-headed ogre
 10495 | D:9      | Noticed Maurice
 10499 | D:9      | Killed Maurice
 10636 | D:9      | Reached *** piety under Sif Muna
 10846 | D:9      | Found a shadowy altar of Dithmenos.
 10867 | D:9      | Learned a level 4 spell: Airstrike
 11359 | D:9      | Found Qaunas's Jewellery Shop.
 11697 | D:10     | Entered Level 10 of the Dungeon
 11717 | D:10     | Reached skill level 1 in Shields
 11739 | D:10     | Found a sacrificial altar of Ru.
 11741 | D:10     | Found a glowing golden altar of the Shining One.
 11743 | D:10     | Found a shimmering altar of Xom.
 11743 | D:10     | Found a burning altar of Makhleb.
 11763 | D:10     | Identified a scroll of acquirement
 11774 | D:10     | Acquired the staff of conjuration "Ohethyirch" {*Corrode
                  | rC+ Will++ Str+2}
 12033 | D:10     | Found a flagged portal.
 12043 | Bailey   | Entered a bailey
 12233 | Bailey   | Noticed an orc warlord
 12281 | Bailey   | Reached **** piety under Sif Muna
 12457 | Bailey   | Reached skill level 5 in Conjurations
 12535 | Bailey   | Found a runed translucent gate.
 12535 | Bailey   | Found a runed translucent gate.
 12535 | Bailey   | Found a runed translucent gate.
 12873 | Bailey   | Killed an orc warlord
 12972 | Bailey   | Identified the staff of conjuration "Woosait" {rElec}
 12984 | Bailey   | Reached XP level 12. HP: 71/71 MP: 24/24
 13012 | Bailey   | Learned a level 6 spell: Starburst
 13318 | D:10     | Found a portal to a secret trove of treasure.
 13754 | D:11     | Noticed a death yak
 13759 | D:11     | Reached ***** piety under Sif Muna
 13759 | D:11     | Noticed a death yak
 13765 | D:11     | Noticed a death yak
 13767 | D:11     | Received a gift from Sif Muna
 13913 | D:11     | Found a frozen archway.
 13920 | D:11     | Reached skill level 10 in Conjurations
 13920 | D:11     | Reached XP level 13. HP: 65/76 MP: 23/25
 13926 | IceCv    | Entered an ice cave
 14013 | IceCv    | Found a transporter.
 14026 | IceCv    | Found a transporter.
 14423 | D:11     | Found a staircase to the Lair.
 14673 | D:11     | Got Sif Muna's Anthology of Kinetic Energy {god gift}
 14762 | D:11     | Found Camuevo's Armour Shop.
 15936 | D:12     | Noticed Kirke
 15946 | D:12     | Killed Kirke
 16282 | D:12     | Found the ring of the Mage {Wiz Archmagi}
 16717 | D:12     | Found a staircase to the Orcish Mines.
 17083 | Lair:1   | Entered Level 1 of the Lair of Beasts
 18291 | Lair:2   | Found a staircase to the Swamp.
 18318 | Lair:2   | Reached XP level 14. HP: 37/81 MP: 18/27
 18368 | Lair:2   | Reached skill level 10 in Fire Magic
 18562 | Lair:2   | Reached skill level 10 in Spellcasting
 18688 | Lair:2   | Found a hole to the Spider Nest.
 19404 | Lair:2   | Received a gift from Sif Muna
 19407 | Lair:2   | Got Sif Muna's Precepts of Sweltering Vitiation {god gift}
 19413 | Lair:2   | Learned a level 4 spell: Iskenderun's Mystic Blast
 19919 | Lair:3   | Found a gate leading to a gauntlet.
 19928 | Gauntlet | Entered a Gauntlet
 19928 | Gauntlet | Found a transporter.
 19928 | Gauntlet | Found a transporter.
 19930 | Gauntlet | Found a transporter.
 19933 | Gauntlet | Found a transporter.
 19934 | Gauntlet | Found a transporter.
 19935 | Gauntlet | Found a transporter.
 19967 | Gauntlet | Found a transporter.
 19971 | Gauntlet | Found a transporter.
 19980 | Gauntlet | Found a transporter.
 19997 | Gauntlet | Found a runed translucent door.
 19998 | Gauntlet | Found a transporter.
 19999 | Gauntlet | Found a runed translucent door.
 20015 | Gauntlet | Found a transporter.
 20020 | Gauntlet | Found a transporter.
 20272 | Gauntlet | Reached skill level 5 in Shields
 20468 | Gauntlet | Identified the ring "Kujear" {rPois rC+ Slay+3}
 20626 | Gauntlet | Identified the +10 plate armour of the Spheres {Str+3}
 20731 | Gauntlet | Identified the +1 robe of Fanaticism {-Cast rN+ Str+2}
 22278 | Lair:4   | Found a viscous altar of Jiyva.
 22278 | Lair:4   | Found a staircase to the Slime Pits.
 22438 | Lair:4   | Learned a level 2 spell: Blink
 23009 | Lair:4   | Reached skill level 1 in Staves
 23012 | Lair:4   | Received a gift from Sif Muna
 23017 | Lair:4   | Got Sif Muna's Treatise on Mutable Direction {god gift}
 23727 | Lair:5   | Entered Level 5 of the Lair of Beasts
 23727 | Lair:5   | Noticed Sonja
 23731 | Lair:5   | Killed Sonja
 23744 | Lair:5   | Reached XP level 15. HP: 65/86 MP: 5/30
 24183 | Lair:5   | Reached skill level 10 in Invocations
 24357 | Lair:5   | Identified the +1 falchion of Songopt {pain, rElec}
 24522 | Lair:5   | Noticed Rupert
 24728 | Lair:5   | Killed Rupert
 25174 | Lair:5   | Found a transporter.
 25177 | Lair:5   | Found the +0 mask of the Dragon {Will+ Slay+3 SInv}
 25305 | Lair:5   | Found a transporter.
 25324 | Lair:5   | Noticed Querens's ghost (journeyman FoFi)
 25345 | Lair:5   | Learned a level 3 spell: Hailstorm
 25665 | Lair:5   | Found a runed translucent door.
 26399 | Orc:1    | Entered Level 1 of the Orcish Mines
 26405 | Orc:1    | Reached skill level 5 in Dodging
 26606 | Orc:1    | Found Jos Ucyv's Jewellery Emporium.
 26776 | D:9      | Bought the ring "Seev" {Will+ EV+5 Int+4} for 570 gold
                  | pieces
 26783 | D:9      | Learned a level 3 spell: Mephitic Cloud
 27566 | D:13     | Reached XP level 16. HP: 92/92 MP: 28/32
 27635 | D:13     | Found Nagelle's Distillery.
 27782 | Orc:1    | Bought an amulet of reflection for 420 gold pieces
 27782 | Orc:1    | Bought a +4 ring of protection for 504 gold pieces
 27972 | Orc:1    | Noticed Fannar
 27975 | Orc:1    | Killed Fannar
 28204 | Orc:1    | Found Gunokoikuth's Magic Scroll Emporium.
 28212 | Orc:1    | Bought a scroll of acquirement for 676 gold pieces
 28213 | Orc:1    | Acquired 769 gold pieces
 28216 | Orc:1    | Bought a scroll of summoning for 123 gold pieces
 29051 | Orc:1    | Identified the +4 battleaxe of the Spectre {flame, Dex+6}
 29052 | Orc:1    | Identified the +4 broad axe "Killer Klown's Foe" {venom,
                  | rElec SInv}
 29053 | Orc:1    | Identified the +4 mace "Embalmer" {antimagic, Drain +Blink
                  | rElec rPois}
 29054 | Orc:1    | Identified the +6 spear "Noteul" {flame, rN+ Str+3 Dex+3}
 29056 | Orc:1    | Identified the +4 scimitar "Feuts" {protect, Dex+6}
 29237 | Orc:2    | Entered Level 2 of the Orcish Mines
 29374 | Orc:2    | Received a gift from Sif Muna
 29639 | Orc:2    | Found a staircase to the Elven Halls.
 30325 | Orc:2    | Found Nour's General Store.
 30353 | Orc:2    | Found Rufor's Jewellery Boutique.
 30379 | Orc:2    | Found Xeduir's Antique Armour Boutique.
 30395 | Orc:2    | Found Dikhliawo's Antique Weapon Boutique.
 30448 | Orc:2    | Bought a translucent short sword for 288 gold pieces
 30448 | Orc:2    | Identified the +3 short sword of Massacring {elec, rN+}
                  | (You bought it in a shop on level 2 of the Orcish Mines)
 31043 | Swamp:1  | Entered Level 1 of the Swamp
 31948 | Swamp:1  | Got the Grimoire of the Retinue
 32049 | Swamp:2  | Noticed a fenstrider witch
 32052 | Swamp:2  | Killed a fenstrider witch
 32503 | Swamp:2  | Identified the ring of Discretion {Will+ Str+4 Int-2 Dex+6}
 32569 | Swamp:2  | Received a gift from Sif Muna
 32572 | Swamp:2  | Got Sif Muna's Theurgy, Part Five {god gift}
 32758 | Swamp:2  | Identified the +6 quarterstaff "Qotuet" {pain, MP+9 Str+6
                  | SInv}
 33073 | Swamp:2  | Noticed Roxanne
 33674 | Swamp:2  | Learned a level 7 spell: Orb of Destruction
 33684 | Swamp:2  | Killed Roxanne
 33685 | Swamp:2  | Reached XP level 17. HP: 97/97 MP: 16/34
 34003 | Swamp:3  | Reached skill level 15 in Conjurations
 35118 | Swamp:4  | Entered Level 4 of the Swamp
 35303 | Swamp:4  | Learned a level 3 spell: Summon Guardian Golem
 36090 | Swamp:4  | Got a decaying rune of Zot
 36571 | Elf:1    | Entered Level 1 of the Elven Halls
 36581 | Elf:1    | Paralysed by an air elemental for 1 turns
 36583 | Elf:1    | Received a gift from Sif Muna
 36583 | Elf:1    | Paralysed by an air elemental for 1 turns
 37016 | Elf:1    | Got the Compilation of Bruises
 37703 | Elf:1    | Reached skill level 15 in Fire Magic
 38187 | Elf:2    | Reached XP level 18. HP: 102/102 MP: 19/36
 38449 | Elf:2    | Found a runed translucent gate.
 38549 | Elf:2    | Found a runed translucent gate.
 38549 | Elf:2    | Found a runed translucent gate.
 39076 | Elf:2    | Reached skill level 15 in Spellcasting
 39210 | Elf:2    | Received a gift from Sif Muna
 39213 | Elf:2    | Got Sif Muna's Guidebook on Trauma {god gift}
 39812 | Elf:2    | Noticed a deep elf blademaster
 39817 | Elf:2    | Killed a deep elf blademaster
 40372 | Elf:3    | Entered Level 3 of the Elven Halls
 41161 | Elf:3    | Paralysed by an air elemental for 1 turns
 41597 | Elf:3    | Identified the amulet "Veocauwe" {Faith rElec rN+ Dex+3}
 41602 | Elf:3    | Received a gift from Sif Muna
 41796 | Elf:3    | Got Sif Muna's Tome of Virulence and the Inferno {god gift}
 41799 | Elf:3    | Noticed a deep elf blademaster
 41800 | Elf:3    | Identified the +1 leather armour "Fuluap" {+Inv rPois Str-2
                  | Int+2}
 41802 | Elf:3    | Killed a deep elf blademaster
 41805 | Elf:3    | Reached XP level 19. HP: 65/107 MP: 13/38
 41958 | Elf:3    | Identified the +1 double sword "Ilool" {venom, rF+}
 41958 | Elf:3    | Identified the +0 robe of Giacoi {+Inv rPois Dex-3}
 42575 | Elf:3    | Identified the +7 long sword "Yneunonu" {elec, rElec Str+2
                  | SInv}
 42593 | Elf:3    | Identified the staff of conjuration "Dusuxiwk" {+Blink}
 42681 | Elf:3    | Identified the +9 hand crossbow "Xyidy" {heavy, rC+}
 42947 | Spider:1 | Entered Level 1 of the Spider Nest
 42960 | Lair:2   | Learned a level 8 spell: Ignition
 44359 | Spider:1 | Received a gift from Sif Muna
 44360 | Spider:1 | Got Sif Muna's Annotations on Blows {god gift}
 45106 | Spider:2 | Identified the +1 ring mail of Lucidity {MP+9 Str+3 Int+5}
 45697 | Spider:2 | Received a gift from Sif Muna
 46113 | Spider:2 | Got Qyogguh's Papyrus of Bright Austromancy {god gift}
 47978 | Spider:3 | Received a gift from Sif Muna
 48076 | Spider:3 | Identified the +8 dagger of Udotusydghu {heavy, rC- rN++
                  | Int+6}
 48087 | Spider:3 | Reached XP level 20. HP: 113/113 MP: 11/40
 48652 | Spider:4 | Entered Level 4 of the Spider Nest
 49355 | Spider:4 | Received a gift from Sif Muna
 49356 | Spider:4 | Got Sif Muna's Precepts of the Flamy Wendigo {god gift}
 49363 | Spider:4 | Learned a level 5 spell: Metabolic Englaciation
 49654 | Spider:4 | Noticed Aizul
 49660 | Spider:4 | Killed Aizul
 49661 | Spider:4 | Reached skill level 1 in Ice Magic
 50329 | Spider:4 | Got a gossamer rune of Zot
 51962 | D:14     | Found a gate to the Vaults.
 52247 | D:14     | Noticed Nessos
 52248 | D:14     | Killed Nessos
 52512 | D:14     | Found a glowing golden altar of the Shining One.
 52512 | D:14     | Found a white marble altar of Elyvilon.
 52513 | D:14     | Found a glowing silver altar of Zin.
 52685 | D:15     | Entered Level 15 of the Dungeon
 52692 | D:15     | Received a gift from Sif Muna
 52695 | D:15     | Got Sif Muna's Practical Spellwork {god gift}
 53194 | D:15     | Found a staircase to the Depths.
 53738 | D:15     | Noticed Jorgrun
 53747 | D:15     | Killed Jorgrun
 54360 | Orc:1    | Bought a scroll of teleportation for 39 gold pieces
 54360 | Orc:1    | Bought a scroll of teleportation for 39 gold pieces
 54636 | D:10     | You paid a toll of 15 scrolls of teleportation to enter a
                  | treasure trove
 54637 | Trove    | Entered a treasure trove
 54647 | Trove    | Got the Monograph on Twisted Conjuring
 54695 | Trove    | Got the Catalogue of Repulsive Rallying
 54698 | Trove    | Got Sif Muna's Book of Unlucky Feathers
 54881 | Vaults:1 | Entered Level 1 of the Vaults
 55016 | Vaults:1 | Reached XP level 21. HP: 114/118 MP: 16/42
 56325 | Vaults:1 | Reached skill level 5 in Ice Magic
 57265 | Vaults:2 | Received a gift from Sif Muna
 57269 | Vaults:2 | Got Sif Muna's Treatise on the Distorted Winter {god gift}
 57406 | Vaults:2 | Found a crumbling gateway.
 59203 | Vaults:3 | Received a gift from Sif Muna
 59206 | Vaults:3 | Got Sif Muna's Essays on Cryomancy and the Commander {god
                  | gift}
 59646 | Vaults:3 | Reached XP level 22. HP: 75/125 MP: 2/44
 60948 | Vaults:3 | Received a gift from Sif Muna
 60951 | Vaults:3 | Got Sif Muna's Commentary on Arcane Weapons and Production
                  | {god gift}
 61597 | Vaults:3 | Found a staircase to the Crypt.
 63092 | Vaults:4 | Identified the +6 mace "Newtslayer" {drain, rN++}
 63603 | Vaults:4 | Found Zidid Nau's General Store.
 63613 | Vaults:4 | Bought a +1 kite shield of fire resistance for 165 gold
                  | pieces
 64145 | Vaults:5 | Entered Level 5 of the Vaults
 64152 | Vaults:5 | Noticed a dread lich
 64162 | Vaults:5 | Killed a dread lich
 64162 | Vaults:5 | Noticed an ancient lich
 64163 | Vaults:5 | Reached XP level 23. HP: 120/129 MP: 13/46
 64163 | Vaults:5 | Received a gift from Sif Muna
 64169 | Vaults:5 | Identified the amulet of the Slug {Acrobat Rampage Will+
                  | Str+4}
 64174 | Vaults:5 | Killed an ancient lich
 64174 | Vaults:5 | Noticed a dread lich
 64188 | Vaults:5 | Killed a dread lich
 64544 | Vaults:4 | Learned a level 9 spell: Fire Storm
 65473 | Vaults:5 | Identified the +9 mace "Pendulum" {freeze, rF+}
 65605 | Vaults:5 | Reached skill level 1 in Evocations
 65747 | Vaults:5 | Gained mutation: You are partially covered in iridescent
                  | scales. (AC +2) [potion of mutation]
 65747 | Vaults:5 | Gained mutation: You are agile. (Dex +4, Str/Int -1)
                  | [potion of mutation]
 65759 | Vaults:5 | Identified the +7 short sword of the Dead {venom, rPois
                  | rN++ Dex-4 Stlth-}
 65947 | Vaults:5 | Got Sif Muna's Encyclopedia of the Inferno and the Mortuary
                  | {god gift}
 66878 | Vaults:5 | Identified the amulet of the Holding Gods {Spirit +Blink
                  | Stlth+}
 66878 | Vaults:5 | Noticed Jory
 66884 | Vaults:5 | Killed Jory
 66970 | Vaults:5 | Noticed a dread lich
 66974 | Vaults:5 | Killed a dread lich
 67148 | Vaults:5 | Received a gift from Sif Muna
 67324 | Vaults:5 | Noticed a dread lich
 67532 | Vaults:5 | Killed a dread lich
 67533 | Vaults:5 | Reached skill level 1 in Throwing
 67533 | Vaults:5 | Reached XP level 24. HP: 135/135 MP: 42/46
 67986 | Vaults:5 | Got Ekher's Annotations on the Gargoyle and Poison
 68055 | Vaults:5 | Identified the staff of earth "Ozant" {Fly rElec rPois
                  | Str-3}
 68173 | Vaults:5 | Found the +2 Maxwell's thermic engine {flame, freeze, rev}
 68186 | Vaults:5 | Got a silver rune of Zot
 68739 | Depths:1 | Entered Level 1 of the Depths
 68744 | Depths:1 | Noticed Sojobo
 68922 | Depths:1 | Paralysed by an air elemental for 1 turns
 68935 | Depths:1 | Killed Sojobo
 69076 | Depths:1 | Noticed Mara
 69081 | Depths:1 | Killed Mara
 69324 | Depths:1 | Noticed Nikola
 69328 | Depths:1 | Killed Nikola
 69714 | Depths:1 | Found a gateway to Hell.
 70120 | Depths:1 | Found a one-way gateway to a ziggurat.
 70346 | Depths:1 | Found a broken altar of Ashenzari.
 70840 | Depths:1 | Received a gift from Sif Muna
 71002 | Depths:2 | Found Tidefodgh's Magic Scroll Shop.
 71206 | Depths:2 | Bought 3 scrolls of teleportation for 117 gold pieces
 71206 | Depths:2 | Bought a scroll of immolation for 52 gold pieces
 71398 | Depths:2 | Found a one-way gate leading to the halls of Pandemonium.
 71533 | Depths:2 | Noticed Grunn
 71538 | Depths:2 | Killed Grunn
 71687 | Depths:2 | Found Xitin's Magic Scroll Shoppe.
 71690 | Depths:2 | Found Gaanafuu's Book Shoppe.
 71690 | Depths:2 | Found Bufurgh's Distillery.
 71696 | Depths:2 | Found Hahefaru's Assorted Antiques.
 71701 | Depths:2 | Bought a potion of haste for 430 gold pieces
 71704 | Depths:2 | Bought a potion of haste for 180 gold pieces
 71707 | Depths:2 | Bought a scroll of blinking for 120 gold pieces
 71707 | Depths:2 | Bought a scroll of teleportation for 48 gold pieces
 72076 | Depths:2 | Identified the +2 war axe of Descent {heavy, +Blink rN+++
                  | Str+2 Dex-3}
 72267 | Depths:2 | Noticed a caustic shrike
 72275 | Depths:2 | Killed a caustic shrike
 73438 | Depths:3 | Reached XP level 25. HP: 106/140 MP: 10/47
 73592 | Depths:3 | Received a gift from Sif Muna
 73593 | Depths:3 | Got Sif Muna's Papyrus of Combustion and Zombies {god gift}
 73718 | Depths:3 | Noticed a juggernaut
 73739 | Depths:3 | Killed a juggernaut
 74498 | Depths:3 | Identified the +10 falchion "Plojy" {flame, rC++ Dex+3
                  | Stlth-}
 74498 | Depths:3 | Identified the ring "Peheh" {*Corrode rElec rPois rN+
                  | Will+}
 74647 | Depths:3 | Noticed a dread lich
 74648 | Depths:3 | Noticed a juggernaut
 74787 | Depths:3 | Killed a dread lich
 75928 | Depths:3 | Noticed a juggernaut
 76088 | Depths:3 | Killed a juggernaut
 76249 | Depths:3 | Found a one-way gate to the infinite horrors of the Abyss.
 76265 | Depths:3 | Noticed a juggernaut
 76267 | Depths:3 | Killed a juggernaut
 76426 | Depths:3 | Identified the staff of fire "Heuc" {rElec rF+}
 76705 | Depths:4 | Entered Level 4 of the Depths
 76873 | Depths:4 | Received a gift from Sif Muna
 76880 | Depths:4 | Found a gate to the Realm of Zot.
 77217 | Depths:4 | Noticed a juggernaut
 77224 | Depths:4 | Killed a juggernaut
 77471 | Depths:4 | Found a sparkling altar of Nemelex Xobeh.
 77931 | Depths:4 | Reached XP level 26. HP: 146/146 MP: 39/48
 78422 | Hell     | Entered the Vestibule of Hell
 78428 | Hell     | Received a gift from Sif Muna
 78430 | Hell     | Noticed Geryon
 78710 | Zig:1    | Entered Level 1 of a ziggurat
 78833 | Zig:2    | Entered Level 2 of a ziggurat
 78893 | Zig:3    | Entered Level 3 of a ziggurat
 78907 | Zig:3    | Reached skill level 5 in Summonings
 78907 | Zig:3    | Reached XP level 27. HP: 151/151 MP: 42/48
 78925 | Zig:4    | Entered Level 4 of a ziggurat
 78991 | Zig:5    | Entered Level 5 of a ziggurat
 79026 | Zig:5    | Identified the +0 shortbow "Impslayer" {heavy, rCorr Int+5}
 79046 | Zig:6    | Entered Level 6 of a ziggurat
 79065 | Zig:6    | Identified the staff of earth "Timunuos" {Fly rF+ Str+3}
 79071 | Zig:6    | Identified the +2 war axe "Bicvonui" {drain, rC- rCorr
                  | Dex+2}
 79170 | Zig:7    | Entered Level 7 of a ziggurat
 79184 | Zig:7    | Found the +7 sceptre of Torment {pain, torment}
 79265 | Zig:8    | Entered Level 8 of a ziggurat
 79272 | Zig:8    | Noticed a royal mummy
 79273 | Zig:8    | Noticed a royal mummy
 79273 | Zig:8    | Noticed a royal mummy
 79274 | Zig:8    | Received a gift from Sif Muna
 79276 | Zig:8    | Killed a royal mummy
 79276 | Zig:8    | Killed a royal mummy
 79276 | Zig:8    | Killed a royal mummy
 79540 | Zig:8    | Got Cigotuvi's Parchment of Ectoplasm {god gift}
 79546 | Zig:8    | Identified the ring "Esmedudd" {Str-5 Dex+5 Slay+4}
 79562 | Zig:8    | Identified the +4 spear of Ezedom {freeze, rN+ rCorr Str+3
                  | Dex+3}
 79563 | Zig:8    | Identified the +1 ring mail "Fotut" {+Blink Stlth+}
 79570 | Zig:9    | Entered Level 9 of a ziggurat
 79747 | Zig:9    | Identified the +8 whip of Doom {heavy, rN+}
 79769 | Zig:10   | Entered Level 10 of a ziggurat
 79778 | Zig:10   | Found the +10 Black Knight's barding {ponderous, rPois rN+}
 79780 | Zig:10   | Paralysed by a wendigo for 1 turns
 79797 | Zig:10   | Identified the ring "Vet Gyih" {rElec AC+4 Stlth+}
 79809 | Zig:10   | Identified the +7 halberd of Mastery {heavy, rPois Int+2}
 79816 | Zig:10   | Identified the +6 spear of Wu Jian's Envy {protect, *Noise
                  | rC+++ Int+6}
 79847 | Zig:11   | Entered Level 11 of a ziggurat
 79861 | Zig:11   | Noticed Quenukur the pandemonium lord
 79863 | Zig:11   | Killed Quenukur the pandemonium lord
 80112 | Zig:11   | Identified the staff of cold "Cizo Lacruw" {rPois rC+ Int+5
                  | SInv Stlth-}
 80133 | Zig:11   | Identified the +4 triple crossbow "Caif" {freeze, rN+}
 80134 | Zig:11   | Identified the staff of poison "Vonuyqa" {rPois rC+}
 80182 | Zig:12   | Entered Level 12 of a ziggurat
 80290 | Zig:12   | Identified the +4 great sword of Karma {heavy, Will+ rCorr
                  | Dex+3 Stlth-}
 80294 | Zig:12   | Identified the +7 mace of Eternal War {flame, *Rage rF++}
 80338 | Zig:13   | Entered Level 13 of a ziggurat
 80352 | Zig:13   | Noticed an ancient lich
 80355 | Zig:13   | Killed an ancient lich
 80357 | Zig:13   | Found the +7 captain's cutlass {speed, disarm}
 80518 | Zig:13   | Identified the staff of earth "Irei" {rElec rCorr MP+9
                  | Stlth-}
 80531 | Zig:13   | Identified the +0 flail "Sareixoquh" {venom, +Blink rPois
                  | rN++ Dex+2}
 80536 | Zig:13   | Identified the staff of fire "Zafier" {rPois rF+ Will+
                  | Int-3}
 80555 | Zig:14   | Entered Level 14 of a ziggurat
 80568 | Zig:14   | Received a gift from Sif Muna
 80579 | Zig:14   | Noticed an ancient lich
 80581 | Zig:14   | Killed an ancient lich
 80583 | Zig:14   | Noticed an ancient lich
 80586 | Zig:14   | Killed an ancient lich
 80841 | Zig:14   | Identified the +6 falchion of Sypy {flame, rElec}
 80842 | Zig:14   | Identified the +3 great sword of the Bedazzling Gods
                  | {flame, rC- Str+7 Int-5 Stlth+}
 80873 | Zig:15   | Entered Level 15 of a ziggurat
 80939 | Zig:15   | Identified the +3 short sword "Deleparph" {speed, rF+}
 80945 | Zig:15   | Reached skill level 10 in Dodging
 80958 | Zig:15   | Identified the +4 spear of Ufegeidi {distort, MP+9 Str+3
                  | Int+3}
 80973 | Zig:15   | Learned a level 8 spell: Lehudib's Crystal Spear
 81277 | Zot:1    | Entered Level 1 of the Realm of Zot
 81379 | Zot:1    | Received a gift from Sif Muna
 81380 | Zot:1    | Got Sif Muna's Folio of Calefaction and Pollution {god
                  | gift}
 82336 | Zot:1    | Reached skill level 1 in Earth Magic
 83346 | Zot:2    | Identified the staff of air "Tugupt" {Drain rElec MP+9
                  | Int+2 Dex+5 SInv}
 86735 | Zot:4    | Found a runed translucent gate.
 86736 | Zot:4    | Found a runed translucent gate.
 86737 | Zot:4    | Found a runed translucent gate.
 86739 | Zot:4    | Noticed Sisiakhle's ghost (legendary KoDe)
 86768 | Zot:4    | Reached ****** piety under Sif Muna
 87499 | Zot:5    | Entered Level 5 of the Realm of Zot
 87762 | Zot:5    | Reached skill level 5 in Earth Magic
 88014 | Zot:5    | Found a large runed translucent door.
 88057 | Zot:5    | Found a large runed translucent door.
 88058 | Zot:5    | Noticed Kiciri's ghost (legendary NaHu)
 88371 | Zot:5    | Noticed an orb of fire
 88377 | Zot:5    | Gained mutation: One of your tentacles bears a spike. [an
                  | orb of fire]
 88378 | Zot:5    | Killed an orb of fire
 88548 | Zot:5    | Noticed a dread lich
 88552 | Zot:5    | Killed a dread lich
 88835 | Zot:5    | Noticed a dread lich
 88842 | Zot:5    | Killed a dread lich
 88934 | Zot:5    | Noticed an ancient lich
 88936 | Zot:5    | Noticed an orb of fire
 88937 | Zot:5    | Killed an ancient lich
 88939 | Zot:5    | Noticed a dread lich
 88943 | Zot:5    | Killed a dread lich
 88949 | Zot:5    | Noticed an ancient lich
 88958 | Zot:5    | Noticed a dread lich
 88958 | Zot:5    | Noticed an ancient lich
 88960 | Zot:5    | Noticed an ancient lich
 88960 | Zot:5    | Noticed a dread lich
 88966 | Zot:5    | Killed a dread lich
 88966 | Zot:5    | Killed an ancient lich
 88989 | Zot:5    | Noticed an orb of fire
 88998 | Zot:5    | Gained mutation: You are frail. (-10% HP) [an orb of fire]
 88999 | Zot:5    | Killed an orb of fire
 88999 | Zot:5    | Killed an ancient lich
 89009 | Zot:5    | Killed a dread lich
 89588 | Zot:5    | Got the Orb of Zot
 89907 | Zot:2    | Noticed Ferghogupe the pandemonium lord
 89917 | Zot:1    | Reached skill level 27 in Fire Magic
 90011 | Depths:3 | HP: 3/135 [Hell Sentinel/damnation (44)]
 90013 | Depths:3 | Reached skill level 27 in Conjurations
 90263 | D:14     | Noticed Tossosen the pandemonium lord
 90275 | D:14     | Killed Tossosen the pandemonium lord
 90306 | D:13     | Noticed Zair the pandemonium lord
 90391 | D:9      | Noticed Ygrigyf the pandemonium lord
 90394 | D:9      | Killed Ygrigyf the pandemonium lord
 90501 | D:7      | Noticed Quatz the pandemonium lord
 90504 | D:7      | Killed Quatz the pandemonium lord
 90632 | D:1      | Noticed a seraph
 90636 | D:1      | Killed a seraph
 90650 | D:$      | Escaped with the Orb!

Illustrated notes

Levels and vault maps discovered:
D:1:      spicycebolla_green_bress_n_ham_2, layout_basic,
          dreamdust_ecumenical_altar_grove
D:2:      cheibrodos_fertilizer, layout_basic
D:3:      layout_basic, nicolae_sif_muna_condensation, jmf_multi_god_temple,
          serial_rivers, chequers_serial_rivers_micro_b,
          chequers_serial_rivers_small_3, chequers_serial_rivers_marsh,
          chequers_serial_rivers_small_b, chequers_serial_rivers_small_b,
          chequers_serial_rivers_micro_d
D:4:      layout_basic, nicolae_vehumet_altar_sigil
D:5:      layout_loops_ring, lemuel_tele_altar, okawaru_trees_1,
          kennysheep_generic_room_13
D:6:      layout_cave_pods, zin_academy, grunt_ministairs_7
D:7:      layout_gridville, lemuel_doored_altar, minmay_temple_entry_trees,
          gammafunk_ghost_nasty_kobolds
D:8:      layout_basic, worldfamousw_hep_ancestral_shrine,
          minmay_stone_trees_small, nicolae_diode_basic, uniq_gastronok
D:9:      layout_basic, grunt_dithmenos_smoke_and_mirrors, lemuel_round_altar,
          serial_shops, nicolae_shop_real_fake_doors, serial_undead,
          serial_undead_a, serial_undead_a, serial_undead_c, serial_undead_e,
          serial_undead_e, serial_undead_d, serial_undead_a, serial_undead_c,
          serial_undead_c, serial_undead_c, uniq_psyche, uniq_maurice
D:10:     layout_roguey, grunt_temple_overflow_open, special_room
          [special_room_orc], enter_bailey_7, enter_trove_6
D:11:     layout_grid_maze, dpeg_lair_monsters, serial_ice, serial_ice_b,
          serial_ice_i, serial_ice_a, serial_ice_g, serial_ice_h, serial_ice_c,
          serial_ice_n, serial_ice_f, portal_ice_cave_rime, serial_shops,
          nicolae_inconvenience_store
D:12:     layout_loops_ring, erik_orc_2, nicolae_fountain_basement, uniq_kirke
D:13:     minmay_connected_triangles_in_corner, layout_loops_ring, drop_trap,
          nicolae_take_the_stairs, hangedman_decor_lopped
D:14:     layout_cave_pools, erik_vaults_1, good_gods_temple_1,
          minmay_fractal_squares_gapless_5, uniq_nessos
D:15:     gammafunk_depths_entry_grave, layout_basic, dreamdust_wishing_well,
          minmay_misc_feat_x, minmay_crystal_room,
          hangedman_abyss_or_decor_jellyfish_corner, uniq_jorgrun
Temple:   corrupted_temple
Lair:1:   statuecave_lemuel, layout_misc_corridors, grunt_megastairs_4,
          serial_bayou_shore_b
Lair:2:   kb_forest_paths, layout_chaotic_city, palyth_hydra_swamp_entry,
          hellmonk_spider_entry_not_the_bees, serial_rivers,
          chequers_serial_rivers_small_3, chequers_serial_rivers_micro_c,
          chequers_serial_rivers_micro_a, chequers_serial_rivers_small_b,
          grunt_forest_stairs_clearing
Lair:3:   layout_cave_pods, gauntlet_entry_generic,
          grunt_forest_large_clearings, grunt_megastairs_3
Lair:4:   layout_regular_city, slime_entry_1, nicolae_lair_lindhole,
          lemuel_fruit_tree
Lair:5:   wormcave, layout_concentric_octagons, guppyfry_lair_end_dragon,
          gammafunk_ghost_berserking_beasts, uniq_sonja, uniq_rupert
Swamp:1:  layout_basic_swamp, nicolae_swamp_little_swirl
Swamp:2:  layout_basic_swamp, serial_swamp_ruin, hangedman_swamp_ruin_wall,
          evilmike_swamp_ruin_rubble_1, evilmike_swamp_ruin_house_2,
          uniq_roxanne
Swamp:3:  layout_basic_swamp, evilmike_swamp_ruin_house_3, swamp_pool4
Swamp:4:  swamp_alternative, layout_basic_swamp, swamp_pool1,
          statue_in_the_mist_lemuel, infiniplex_staircase_pool
Spider:1: layout_spider_delve
Spider:2: spiders_nest_a, spiders_nest_spider_trap
Spider:3: layout_spider_delve, special_room [special_room_bee]
Spider:4: grunt_spider_rune_circles, nicolae_spider_spiderdrome, uniq_aizul
Orc:1:    giant_chief_lemuel, layout_caves, serial_shops, shop,
          nicolae_shop_trees, uniq_fannar
Orc:2:    grunt_orc_cross, layout_caves, basic_altar, nicolae_orc_lost_temple
Elf:1:    nicolae_elf_arrival_aired_out, layout_onion_city,
          minmay_elf_annihilation, item_on_display_a
Elf:2:    elven_hall_of_blades_hangedman_original
          [nicolae_blade_entry_area_security], layout_rooms, grunt_ministairs_6,
          guppyfry_library_mini
Elf:3:    elf_hall_gauntlet_wide, layout_rooms, grunt_ministairs_9, minivault_14
Vaults:1: v_misc_26, hangedman_vaults_hat, grunt_vaults_twisty,
          nicolae_vaults_little_squares_3, v_misc_3,
          nicolae_vaults_little_squares_3, hangedman_vaults_stretched_pinwheel,
          vaults_room_pools, vaults_room_door_ring, st_more_cells,
          grunt_vaults_hallway_short, layout_vaults_omnigrid
Vaults:2: portal_desolation_entry_twin_temple, vaults_mumra_minichess_inversion,
          hangedman_vaults_trim, ontoclasm_vaults_claustrophobia,
          hangedman_vaults_maws, ontoclasm_vaults_eye,
          hangedman_vaults_corner_blocks, v_misc_17, vaults_room_fancy_cross,
          vaults_dpeg_ring, layout_vaults_maze_snakey
Vaults:3: dpeg_vaults_waves, minmay_crypt_entry_simple_plaza, v_misc_1,
          dpeg_vaults_monster_box, ontoclasm_vaults_gateway,
          nicolae_vaults_three_branches, vaults_room_door_ring,
          hangedman_vaults_pinch, ontoclasm_vaults_decontamination,
          hangedman_vaults_capsules, vaults_room_door_hall,
          ontoclasm_vaults_fault, nicolae_vaults_little_ls, vaults_dpeg_hooks,
          serial_ice_g, layout_vaults_omnicross
Vaults:4: vaults_room_boxed, v_misc_11, st_octagons_1, vaults_room_semicircle,
          v_misc_1, v_misc_23, ontoclasm_vaults_twist, ontoclasm_vaults_spin,
          vaults_standard_mumra_enter_the_diamond,
          nicolae_vaults_little_squares_3, hangedman_vaults_nails,
          layout_vaults_ring, serial_shops, shop_statue
Vaults:5: serial_shops, uniq_jory
Depths:1: layout_basic, enter_ziggurat_e, minmay_misc_feat_ornament,
          grunt_mini_vestibule, cheibrodos_ashenzari_chains,
          serial_bayou_shore_a, uniq_sojobo, uniq_nikola, uniq_mara
Depths:2: minmay_the_grid_3x2 [minmay_the_grid_dragon_a,
          minmay_the_grid_large_cup, minmay_the_grid_artifice,
          minmay_the_grid_square_x, minmay_the_grid_stretched_grid,
          minmay_the_grid_prize_four_corners], layout_gridlike, pan_entry,
          pf_dread_powers_of_hell, serial_shops, nicolae_shop_hallway_plus,
          minmay_shoptagon, infiniplex_staircase_zigzag_2, uniq_grunn
Depths:3: box_level_dp, abyss_entry, hell_entry
Depths:4: grunt_zot_entry_alcove, layout_basic, nemelex_diamond_rough_becter,
          hangedman_tar_grid_catacomb, kennysheep_random_hallway
Hell
Zot:1:    layout_cellular_growth
Zot:2:    kennysheep_oblong_rooms, layout_basic
Zot:3:    layout_basic
Zot:4:    layout_basic, gammafunk_ghost_tricky_traps, st_stairs_4
Zot:5:    layout_misc_corridors, ebering_ghost_disaster_area,
          lemuel_flame_loot_1

Skill      XL: |  1  2  3  4  5  6  7  8  9 10 11 12 13 14 15 16 17 18 19 20 21 22 23 24 25 26 27 |
---------------+----------------------------------------------------------------------------------+-----
Stealth        | 3 4 5 6 7 8 |  8.3
Fire Magic     | 4 5 6 7 8 9 11 12 14 15 16 17 19 21 22 23 24 27 | 27.0
Conjurations   | 2 3 9 10 11 12 13 14 16 17 18 19 20 21 22 23 27 | 27.0
Spellcasting   | 3 4 5 6 7 8 9 11 12 13 14 15 16 17 18 19 20 21 24 | 24.1
Short Blades   | 1 2 |  2.2
Fighting       | 1 2 3 |  3.7
Translocations | 1 2 4 5 6 7 8 9 |  9.2
Air Magic      | 1 2 4 5 6 |  6.1
Invocations    | 1 2 4 5 6 8 9 10 12 | 12.5
Dodging        | 3 4 5 6 7 11 | 11.3
Hexes          | 1 2 |  2.9
Summonings     | 2 3 4 5 7 |  7.8
Unarmed Combat | 1 |  1.4
Shields        | 1 2 4 6 7 8 9 |  9.5
Staves         | 1 2 3 |  3.1
Ice Magic      | 4 6 8 9 |  9.3
Evocations     | 1 2 |  2.0
Throwing       | 1 |  1.3
Earth Magic    | 8 |  8.2
Long Blades    | |  0.8
Poison Magic   | |  0.2

Action                     |  1- 3 |  4- 6 |  7- 9 | 10-12 | 13-15 | 16-18 | 19-21 | 22-24 | 25-27 || total
---------------------------+-------+-------+-------+-------+-------+-------+-------+-------+-------++-------
  Melee: Dagger            |    25 |    77 |    34 |    25 |       |       |       |       |       ||   161
         Constrict         |     6 |    15 |    11 |     7 |    15 |     6 |    23 |     6 |     2 ||    91
         Tentacles         |     5 |    15 |    10 |    11 |    34 |     9 |    45 |    16 |    13 ||   158
         Punch             |       |       |     2 |       |     2 |       |     4 |       |     1 ||     9
         Unarmed           |       |       |       |    15 |       |       |       |       |       ||    15
         Staff             |       |       |       |     8 |    82 |    27 |   101 |    32 |    26 ||   276
         Scimitar          |       |       |       |       |       |       |    11 |     5 |       ||    16
  Throw: Dart              |       |     1 |     2 |     4 |       |     1 |     1 |    10 |     1 ||    20
   Cast: Foxfire           |    37 |    54 |    80 |   204 |   495 |   245 |   149 |    23 |    13 ||  1300
         Scorch            |       |    12 |    43 |    72 |   185 |    64 |    94 |     2 |     3 ||   475
         Inner Flame       |       |       |    10 |    18 |    23 |    10 |       |       |       ||    61
         Flame Wave        |       |       |     1 |    18 |    82 |    10 |    48 |       |       ||   159
         Summon Lightning  |       |       |     2 |     2 |    13 |     5 |     2 |       |       ||    24
         Volatile Blastmot |       |       |     1 |     3 |       |       |       |       |       ||     4
         Fireball          |       |       |       |       |    35 |   199 |   110 |    35 |    15 ||   394
         Starburst         |       |       |       |       |    26 |    92 |    92 |    64 |     2 ||   276
         Iskenderun's Myst |       |       |       |       |    17 |    20 |    76 |    51 |    76 ||   240
         Blink             |       |       |       |       |     4 |     2 |     1 |    13 |    11 ||    31
         Hailstorm         |       |       |       |       |     2 |     1 |    10 |    15 |    15 ||    43
         Orb of Destructio |       |       |       |       |       |    56 |    78 |    82 |   103 ||   319
         Summon Guardian G |       |       |       |       |       |     2 |     5 |     4 |       ||    11
         Mephitic Cloud    |       |       |       |       |       |     1 |     6 |     4 |       ||    11
         Ignition          |       |       |       |       |       |       |    53 |    55 |     7 ||   115
         Metabolic Englaci |       |       |       |       |       |       |     5 |     4 |       ||     9
         Fire Storm        |       |       |       |       |       |       |       |    97 |   316 ||   413
         Lehudib's Crystal |       |       |       |       |       |       |       |       |     5 ||     5
 Invoke: Channel Magic     |       |       |       |       |    12 |     6 |    18 |    10 |    22 ||    68
         Forget Spell      |       |       |       |       |     1 |       |       |     1 |       ||     2
  Evoke: Wand              |       |       |       |     1 |     1 |       |     2 |     5 |     6 ||    15
    Use: Potion            |       |       |     2 |     2 |     4 |       |     3 |    11 |    17 ||    39
         Scroll            |       |       |       |    21 |    12 |     4 |     2 |     1 |    11 ||    51
   Stab: Sleeping          |     9 |    13 |     3 |     5 |     5 |       |     3 |     2 |       ||    40
 Armour: Skin              |       |     7 |     1 |    17 |    12 |     5 |    40 |     6 |    11 ||    99
  Dodge: Dodged            |     8 |    43 |    38 |   101 |   198 |    87 |   346 |   114 |   118 ||  1053
  Block: Buckler           |       |       |       |     1 |    96 |    62 |   314 |    49 |    10 ||   532
         Reflection        |       |       |       |       |       |    17 |    35 |    19 |     5 ||    76
         Other             |       |       |       |       |       |       |       |     9 |       ||     9
         Kite shield       |       |       |       |       |       |       |       |     7 |    52 ||    59

Table legend: (Time is in decaauts)
 A = Elapsed time spent in this place.
 B = Non-inter-level travel time spent in this place.
 C = Inter-level travel time spent in this place.
 D = Time resting spent in this place.
 E = Time spent auto-exploring this place.
 F = Levels seen in this place.
 G = Mean time per level.
                   A        B        C        D        E       F      G
               +--------+--------+--------+--------+--------+-----+--------+
         Total |  90723 |  86621 |   4102 |   9801 |  56103 |  68 | 1334.2 |
       Dungeon |  22060 |  20111 |   1949 |   1489 |  13638 |  15 | 1470.7 |
        Temple |     23 |     12 |     11 |      0 |      0 |   1 |   23.0 |
          Lair |   9468 |   9001 |    467 |    854 |   5876 |   5 | 1893.6 |
         Swamp |   5036 |   4896 |    140 |    468 |   3567 |   4 | 1259.0 |
   Spider Nest |   7240 |   7077 |    163 |   1315 |   4072 |   4 | 1810.0 |
  Orcish Mines |   3626 |   3312 |    314 |    134 |   2295 |   2 | 1813.0 |
   Elven Halls |   6298 |   6026 |    272 |    579 |   4185 |   3 | 2099.3 |
        Vaults |  13802 |  13483 |    319 |   1879 |   8996 |   5 | 2760.4 |
        Depths |   9980 |   9628 |    352 |    553 |   6766 |   4 | 2495.0 |
          Hell |      8 |      8 |      0 |      0 |      0 |   1 |    8.0 |
           Zot |   8687 |   8575 |    112 |   1301 |   5540 |   5 | 1737.4 |
      Ziggurat |   2333 |   2333 |      0 |    726 |    500 |  15 |  155.5 |
         Trove |     81 |     81 |      0 |      0 |      0 |   1 |   81.0 |
        Bailey |    982 |    982 |      0 |    182 |    410 |   1 |  982.0 |
      Ice Cave |    270 |    270 |      0 |    103 |     72 |   1 |  270.0 |
      Gauntlet |    823 |    823 |      0 |    217 |    186 |   1 |  823.0 |
               +--------+--------+--------+--------+--------+-----+--------+

Top non-repeatable levels by time:
Vaults:4: 4130 daAuts
Depths:3: 3573 daAuts
  Lair:2: 2804 daAuts
Spider:2: 2787 daAuts
Vaults:5: 2614 daAuts
Vaults:3: 2573 daAuts
Depths:2: 2494 daAuts
   Elf:2: 2433 daAuts
  Lair:5: 2421 daAuts
Vaults:1: 2401 daAuts
   Zot:4: 2378 daAuts
    D:11: 2197 daAuts
    D:12: 2126 daAuts
   Orc:1: 2113 daAuts
Depths:1: 2107 daAuts
